 Dungeon Crawl Stone Soup version 0.29.1-2-gbd0b4ee654 (webtiles) character file.

Game seed: 12761566469642930668

27 McKennaii the Conjurer (level 2, -8/20 HPs)
             Began as a Demigod Conjurer on Nov 20, 2022.
             Killed from afar by Sigmund (9 damage)
             ... with a magic dart
             ... on level 2 of the Dungeon.
             The game lasted 00:01:37 (1067 turns).

McKennaii the Conjurer (Demigod Conjurer)           Turns: 1067, Time: 00:01:37

Health: -8/20      AC:  3    Str:  8    XL:     2   Next: 72%
Magic:  1/7        EV: 12    Int: 20    God:
Gold:   69         SH:  0    Dex: 12    Spells: 2/5 levels left

rFire   . . .      SeeInvis .   c - staff of conjuration
rCold   . . .      Faith    .   (no shield)
rNeg    . . .      Spirit   .   a - +0 robe
rPois   .          Reflect  .   e - +0 helmet
rElec   .          Harm     .   (no cloak)
rCorr   .          Rampage  .   (no gloves)
Will    .....                   (no boots)
Stlth   ++........              (no amulet)
HPRegen 0.06/turn               (no ring)
MPRegen 0.10/turn               (no ring)

@: invisible
A: high MP 1, forlorn, divine attributes
a: no special abilities


You were on level 2 of the Dungeon.
You visited 1 branch of the dungeon, and saw 2 of its levels.

You collected 69 gold pieces.

Inventory:

Armour
 a - a +0 robe (worn)
 e - a +0 helmet (worn)
Magical Staves
 c - a staff of conjuration (weapon)
Scrolls
 d - a scroll of poison {unknown}
 f - 3 scrolls of identify {unknown}
 g - a scroll of enchant armour {unknown}
 i - a scroll of magic mapping {unknown}
 j - a scroll of butterflies {unknown}
Potions
 b - a potion of magic


   Skills:
 + Level 2.1 Dodging
 + Level 2.2 Stealth
 + Level 2.1 Spellcasting
 + Level 3.8 Conjurations


You had 2 spell levels left.
You knew the following spells:

 Your Spells              Type           Power      Damage    Failure   Level
a - Magic Dart            Conj           100%       1d8       3%          1
b - Searing Ray           Conj           52%        2d6       4%          2

Your spell library contained the following spells:

 Spells                   Type           Power      Damage    Failure   Level
 Dazzling Flash           Conj/Hex       28%        N/A       22%         3
 Fulminant Prism          Conj/Hex       7%         3d7       56%         4
 Iskenderun's Mystic Bla  Conj/Tloc      14%        2d5       56%         4
 Animate Armour           Summ/Erth      4%         N/A       83%         4
 Blade Hands              Tmut           1%         N/A       99%         5
 Iron Shot                Conj/Erth      7%         9d2       100%        6


Dungeon Overview and Level Annotations

Branches:
Dungeon (2/15)

Shops:
D:1 [

Annotations:
D:2 Sigmund


Innate Abilities, Weirdness & Mutations

You have an increased reservoir of magic. (+10% MP)
You shall have no god before yourself.
Your divine heritage dramatically boosts your attributes as you level up.


Message History

You are too confused!
You feel less confused.
A hobgoblin comes into view.
Casting: Searing Ray (safe; 4% risk of failure)
Confirm with . or Enter, or press ? or * to list all spells.
Aiming: Searing Ray (safe; 4% risk of failure)
Press: ? - help, Shift-Dir - straight line, f/p - Sigmund
Aim: Sigmund, wielding a +0 scythe of freezing and wearing a +2 robe of cold resistance (moderately wounded, 77% to hit)
You feel a surge of power!
The searing ray misses Sigmund. (Press . to maintain the ray.) Unknown command.
The searing ray hits Sigmund!
Sigmund is severely wounded.
Sigmund misses you.
Unknown command.
The searing ray hits Sigmund but does no damage.
Sigmund is severely wounded.
Unknown command.
The searing ray hits Sigmund.
Sigmund is severely wounded.
The searing ray hits the hobgoblin.
You kill the hobgoblin!
You finish channelling your searing ray.
Sigmund hits you from afar with a +0 scythe of freezing.
Sigmund freezes you.
You aren't carrying any items that you can evoke.
Sigmund gestures at you while chanting. The puff of flame hits you!
Sigmund casts a spell at you. You resist with significant effort.
Sigmund points at you and mumbles some strange words.
The puff of flame hits you!
* * * LOW HITPOINT WARNING * * *
It was a potion of invisibility.
You fade into invisibility!
Sigmund casts a spell at you. The puff of flame misses you.
Sigmund points at something and mumbles some strange words.
The magic dart hits you!
You die...

#.## ##..# ##.##
##.### ##.###.##
##.#.## ##.## #@#
#####.#
...†#.################
#..?...@.....@....#
##.##############.#
##.# #.####.# #.#
#......# ## #.######
#.# ###.### #...<.#
#.###.###


You could see Sigmund (unable to see you).

Vanquished Creatures
  A dart slug (D:1)
  A bat (D:1)
  2 endoplasms (D:1)
  A goblin (D:1)
  5 hobgoblins
  7 kobolds
  4 ball pythons
  2 frilled lizards (D:1)
23 creatures vanquished.

Notes
Turn   | Place    | Note
-------+----------+-------------------------------------------
     0 | D:1      | McKennaii the Demigod Conjurer began the quest for the Orb.
     0 | D:1      | Reached XP level 1. HP: 14/14 MP: 5/5
   220 | D:1      | Reached XP level 2. HP: 20/20 MP: 4/7
   223 | D:1      | Learned a level 2 spell: Searing Ray
   258 | D:1      | Found Toetat's Armour Shop.
  1035 | D:2      | Noticed Sigmund
  1065 | D:2      | HP: 1/20 [Sigmund/puff of flame (8)]
  1067 | D:2      | Killed from afar by Sigmund

Illustrated notes

Levels and vault maps discovered:
D:1:      dpeg_arrival_long_road, layout_basic, serial_shops, shop,
          ebering_ecumenical_altar_mist
D:2:      layout_loops_ring, uniq_robin, uniq_sigmund

Skill      XL: |  1  2 |
---------------+-------+-----
Stealth        | 2 |  2.2
Dodging        | 2 |  2.1
Spellcasting   | 2 |  2.1
Conjurations   | |  3.8

Action                   || total
-------------------------++-------
 Cast: Magic Dart        ||    35
       Searing Ray       ||     2
  Use: Potion            ||     1
Armor: Robe              ||     1
Dodge: Dodged            ||     2
